 Dungeon Crawl Stone Soup version 0.30.0-10-gfe55d96785 (webtiles) character file.

Game seed: 1974191406350794730

133 hawla the Firebug (level 5, 0/38 HPs)
             Began as a Meteoran Fire Elementalist on May 14, 2023.
             Slain by an orc wizard
             ... wielding a +0 dagger
              (2 damage)
             ... on level 4 of the Dungeon.
             The game lasted 00:03:06 (527 turns).

hawla the Firebug (Meteoran Fire Elementalist)       Turns: 527, Time: 00:03:07

Health: 0/38       AC:  2    Str: 10    XL:     5   Next: 67%
Magic:  4/11       EV: 13    Int: 18    God:
Gold:   41         SH:  0    Dex: 14    Spells: 8/11 levels left

rFire   . . .        (no weapon)
rCold   . . .        (no shield)
rNeg    . . .        a - +0 robe
rPois   .            (no helmet)
rElec   .            (no cloak)
rCorr   .            (no gloves)
SInv    .            (no boots)
Will    .....        (no amulet)
Stlth   +            (no ring)
HPRegen 0.26/turn    (no ring)
MPRegen 0.12/turn

%: no passive effects
@: very slightly contaminated, glowing
A: sense surroundings 1, otherworldly, glowing, explore regen
a: no special abilities


You were on level 4 of the Dungeon.
You visited 1 branch of the dungeon, and saw 4 of its levels.

You collected 41 gold pieces.

Inventory:

Armour
 a - a +0 robe (worn)
Potions
 b - a potion of magic
 e - a potion of brilliance {unknown}
 f - 2 potions of heal wounds {unknown}


   Skills:
 + Level 0.3 Fighting
 + Level 3.1 Dodging
 - Level 1.4 Stealth
 + Level 3.9 Spellcasting
 + Level 2.1 Conjurations
 + Level 5.5 Fire Magic


You had 8 spell levels left.
You knew the following spells:

 Your Spells              Type           Power      Damage    Failure   Level
a - Foxfire               Conj/Fire      68%        2x1d7     3%          1
b - Scorch                Fire           46%        2d7       2%          2

Your spell library contained the following spells:

 Spells                   Type           Power      Damage    Failure   Level
 Inner Flame              Hex/Fire       13%        N/A       14%         3
 Volatile Blastmotes      Fire/Tloc      26%        2d12      14%         3
 Summon Small Mammal      Summ           12%        N/A       16%         1
 Flame Wave               Conj/Fire      17%        2d7       30%         4
 Call Canine Familiar     Summ           3%         N/A       41%         3
 Summon Guardian Golem    Hex/Summ       3%         N/A       41%         3


Dungeon Overview and Level Annotations

Branches:
Dungeon (4/15) Zot: 1872
 Temple: D:4-7

Altars:


Innate Abilities, Weirdness & Mutations

You passively map a small area around you.
You are easily found by Zot.
You glow in the dark.
You regain HP and MP as you explore.


Message History

The orc wizard is lightly wounded.
The foxfire hits the orc wizard.
The orc wizard is moderately wounded.
The foxfire hits the orc wizard.
The orc wizard is heavily wounded.
The orc closely misses you.
The orc wizard hits you with a +0 dagger.
Casting: Scorch (safe; 2% risk of failure)
Confirm with . or Enter, or press ? or * to list all spells.
You conjure some foxfire!
The orc priest hits you with a +1 short sword of speed.
The orc wizard hits you with a +0 dagger.
The hobgoblin hits you. The orc hits you with a +0 whip.
Casting: Foxfire (safe; 3% risk of failure)
Confirm with . or Enter, or press ? or * to list all spells.
Flames lash the orc priest.
The orc priest is almost dead.
The orc priest's fire resistance burns away.
The foxfire hits the orc priest!
The orc priest is burned terribly!
You kill the orc priest!
The foxfire hits the hobgoblin but does no damage.
The hobgoblin is heavily wounded.
The orc wizard hits you with a +0 dagger.
The hobgoblin hits you. The orc completely misses you.
Casting: Scorch (safe; 2% risk of failure)
Confirm with . or Enter, or press ? or * to list all spells.
You conjure some foxfire!
The hobgoblin hits you. The orc hits you with a +0 whip.
* * * LOW HITPOINT WARNING * * *
The orc wizard closely misses you.
Found a stone staircase leading down.
The foxfire hits the orc wizard.
The orc wizard is severely wounded.
The foxfire hits the orc wizard but does no damage.
The orc wizard is severely wounded.
The orc hits you with a +0 whip.
* * * LOW HITPOINT WARNING * * *
The hobgoblin hits you.
* * * LOW HITPOINT WARNING * * *
The orc wizard hits you with a +0 dagger.
You die...

........>..
,
..........#
#........#
##........,
, #........#
, ,
#........#,
, ,
#........# ,
,,
#.....o@g#
*, , **
#.....o..#,*
.......#ยง#
*
,.......#.#
, .......#.#
, , ,
.......#.# *
* .......#.#
*
.......#.###
*
########...#


You could see an orc wizard, an orc and a hobgoblin.

Vanquished Creatures
  A hound (D:4)
  An orc priest (D:4)
  An iguana (D:4)
  2 adders
  A worm (D:4)
  A dart slug (D:1)
  An orc (D:3)
  An endoplasm (D:1)
  A giant cockroach (D:1)
  A goblin (D:4)
  4 hobgoblins
  2 jackals (D:4)
  A quokka (D:3)
  2 ball pythons (D:3)
  2 bats
  2 frilled lizards
  2 kobolds (D:1)
  3 rats
29 creatures vanquished.

Vanquished Creatures (others)
  74 foxfires
74 creatures vanquished.

Grand Total: 103 creatures vanquished

Notes
Turn   | Place    | Note
-------+----------+-------------------------------------------
     0 | D:1      | hawla the Meteoran Fire Elementalist began the quest for
                  | the Orb.
     0 | D:1      | Reached XP level 1. HP: 14/14 MP: 5/5
   224 | D:1      | Reached XP level 2. HP: 20/20 MP: 4/6
   226 | D:1      | Reached skill level 4 in Fire Magic
   275 | D:2      | Learned a level 2 spell: Scorch
   288 | D:2      | Reached XP level 3. HP: 14/26 MP: 0/8
   385 | D:3      | Reached XP level 4. HP: 33/33 MP: 7/9
   407 | D:4      | Reached skill level 5 in Fire Magic
   439 | D:4      | Identified the +8 sling of the Iron City of Dis {flame, Fly
                  | rN+}
   503 | D:4      | Reached XP level 5. HP: 38/38 MP: 5/11
   527 | D:4      | Slain by an orc wizard

Illustrated notes

Levels and vault maps discovered:
D:1:      minmay_arrival_wavy_path, layout_loops_corners
D:2:      layout_loops_ring
D:3:      layout_basic, mainiacjoe_overflow_boulevard,
          shapermc_ecumenical_altar_mp_ritualfount
D:4:      layout_basic, mainiacjoe_overflow_alcove_4

Skill      XL: |  1  2  3  4 |
---------------+-------------+-----
Fire Magic     | 4 5 |  5.5
Spellcasting   | 3 |  3.9
Dodging        | 3 |  3.1
Conjurations   | 2 |  2.1
Fighting       | |  0.3
Stealth        | |  1.4

Action                     |  1- 3 |  4- 6 || total
---------------------------+-------+-------++-------
  Melee: Unarmed           |    20 |     2 ||    22
   Cast: Foxfire           |    31 |    14 ||    45
         Scorch            |     1 |     7 ||     8
    Use: Scroll            |       |     4 ||     4
 Armour: Robe              |     4 |     1 ||     5
  Dodge: Dodged            |    21 |     5 ||    26
